 Dungeon Crawl Stone Soup version 0.22.1-5-g62c59d9 (webtiles) character file.

2452 nicolaieve the Basher (level 9, -1/70 HPs)
             Began as a Minotaur Berserker on Jan 15, 2019.
             Was a High Priest of Trog.
             Slain by a two-headed ogre
             ... wielding a +0 giant spiked club
              (6 damage)
             ... on level 8 of the Dungeon.
             The game lasted 00:18:14 (5217 turns).

nicolaieve the Basher (Minotaur Berserker)          Turns: 5217, Time: 00:18:14

Health: -1/70      AC: 15    Str: 24    XL:     9   Next: 25%
Magic:  8/8        EV: 14    Int:  5    God:    Trog [*****.]
Gold:   382        SH:  0    Dex: 15    Spells: 8/8 levels left

rFire    . . .     SeeInvis .   i - +4 whip
rCold    . . .     Gourm    .   (no shield)
rNeg     + . .     Faith    .   y - +0 chain mail
rPois    .         Spirit   .   (helmet restricted)
rElec    .         Reflect  .   q - +0 cloak
rCorr    .         Harm     .   N - +0 pair of gloves
MR       .....                  (no boots)
Stlth    ..........             (no amulet)
HPRegen  0.21/turn              F - ring of positive energy
MPRegen  0.11/turn              s - +1 ring of protection

@: agile
A: retaliatory headbutt, horns 2
a: Berserk, Trog's Hand, Brothers in Arms, Renounce Religion


You were on level 8 of the Dungeon.
You worshipped Trog.
Trog was extremely pleased with you.
You were hungry.

You visited 1 branch of the dungeon, and saw 8 of its levels.
You also visited: Ossuary.

You collected 382 gold pieces.

Inventory:

Hand Weapons
 b - a +0 hunting sling
 i - a +4 whip (weapon)
Missiles
 a - 18 sling bullets
 g - 216 stones (quivered)
Armour
 q - a +0 cloak (worn)
 y - a +0 chain mail (worn)
 N - a +0 pair of gloves (worn)
Jewellery
 m - an uncursed ring of protection from fire
 s - a +1 ring of protection (right hand)
 F - a ring of positive energy (left hand)
 G - a +3 ring of strength {unknown}
 H - a cursed -5 ring of dexterity {unknown}
 J - the ring "Sutrap" {+Fly Dex+4, unknown}
   (You found it on level 6 of the Dungeon)

   [ring of flight]

   It affects your dexterity (+4).
   It lets you fly.
Wands
 D - a wand of flame (27)
Scrolls
 e - 11 scrolls of identify {unknown}
 h - 5 scrolls of teleportation {unknown}
 k - a scroll of magic mapping {unknown}
 p - a scroll of enchant weapon {unknown}
 r - 2 scrolls of fear {unknown}
 t - 2 scrolls of noise {unknown}
 w - a scroll of enchant armour {unknown}
 z - 4 scrolls of remove curse {unknown}
 A - 4 scrolls of immolation {unknown}
 E - 3 scrolls of amnesia {unknown}
 K - a scroll of holy word {unknown}
Potions
 d - 3 potions of agility
 f - a potion of lignification {unknown}
 j - 2 potions of curing
 l - a potion of mutation {unknown}
 n - a potion of resistance
 o - 2 potions of haste {unknown}
 u - a potion of magic {unknown}
 v - 3 potions of heal wounds {unknown}
 x - a potion of might {unknown}
 B - a potion of flight {unknown}
 C - a potion of ambrosia {unknown}
 I - a potion of brilliance {unknown}
 L - a potion of berserk rage
Comestibles
 c - 12 rations
 M - 15 chunks of flesh


   Skills:
 - Level 3.6 Fighting
 - Level 12.0 Maces & Flails
 + Level 9.5 Armour
 - Level 2.1 Dodging


You had 8 spell levels left.
You didn't know any spells.
Your spell library was empty.

Dungeon Overview and Level Annotations

Branches:
Dungeon (8/15)             Temple (0/1) D:5
   Lair: D:8-11

Altars:
Ashenzari
Cheibriados
Elyvilon
Fedhas
Gozag
Kikubaaqudgha
Nemelex Xobeh
Ru
Trog
Xom
Yredelemnul

Shops:
D:8 [


Innate Abilities, Weirdness & Mutations

You reflexively headbutt those who attack you in melee.
You have a pair of horns on your head.


Message History

The centaur shoots an arrow.
The arrow hits you.
* * * LOW HITPOINT WARNING * * *
The centaur shoots an arrow.
The arrow hits you.
* * * LOW HITPOINT WARNING * * *
The centaur shoots an arrow.
The arrow hits you but does no damage.
You see here 2 arrows.
Unknown command.
It was a potion of curing.
You feel better. The two-headed ogre barely misses you.
You furiously retaliate!
You headbutt the two-headed ogre, but do no damage.
The two-headed ogre closely misses you.
The centaur shoots an arrow.
The arrow hits you but does no damage.
You see here an arrow.
The centaur shoots an arrow.
The arrow hits you.
* * * LOW HITPOINT WARNING * * *
You see here an arrow.
There is a stone staircase leading up here.
You are feeling hungry.
The two-headed ogre hits you with a giant spiked club.
You die...

).................>...
#...÷÷..................
#....÷............#.....
.......................
........#.............
........#..[........#..#
)))######.#.........#..##..... .
...##........#......#..##....# $.
..#..........#..@...#...#.... ...
..#..........#.##O..#.#.#.#.##(..
..#..........#....(...#...#.....#
..#...................##.........
..+.......∩#........(.##....%....
..#........#..........##.c.......
..#........#..........##.........
#........#...........(.........
#........###..............##.##


You could see a two-headed ogre.

Vanquished Creatures
  A wraith (Ossuary)
  A wyvern (D:8)
  A sky beast (D:7)
  An ice beast (D:6)
  A phantom (D:7)
  An ogre (D:2)
  2 centaurs
  3 bullfrogs
  4 wights (D:8)
  3 howler monkeys
  4 crimson imps
  2 bullfrog zombies
  A bullfrog skeleton (D:4)
  2 jellies
  2 orc priests (D:8)
  4 hounds
  3 iguanas
  Jessica (D:2)
  4 worker ants
  Terence (D:2)
  2 orc wizards (D:8)
  A killer bee zombie (D:5)
  A hound zombie (D:6)
  A mummy (Ossuary)
  A worker ant zombie (D:6)
  9 adders
  12 gnolls
  A howler monkey skeleton (D:4)
  2 shadow imps (D:5)
  3 worms
  2 dart slugs
  A leopard gecko (D:8)
  8 orcs
  15 bats
  10 giant cockroaches
  9 goblins
  10 hobgoblins
  8 jackals
  5 kobolds
  6 quokkas
  3 frilled lizards (D:1)
  6 gnoll skeletons (Ossuary)
  A jackal zombie (D:5)
  5 kobold skeletons (Ossuary)
  14 orc skeletons (Ossuary)
  10 rats
  A spectral orc (D:7)
189 creatures vanquished.

Notes
Turn   | Place    | Note
-------+----------+-------------------------------------------
     0 | D:1      | nicolaieve the Minotaur Berserker began the quest for the
                  | Orb.
     0 | D:1      | Reached XP level 1. HP: 19/19 MP: 0/0
    67 | D:1      | Reached skill level 4 in Maces & Flails
    92 | D:1      | Reached XP level 2. HP: 15/26 MP: 1/1
   162 | D:1      | Reached ** piety under Trog
   200 | D:1      | Reached skill level 5 in Maces & Flails
   215 | D:1      | Reached XP level 3. HP: 11/31 MP: 2/2
   758 | D:2      | Noticed an ogre
   771 | D:2      | Killed an ogre
   771 | D:2      | Reached skill level 6 in Maces & Flails
   771 | D:2      | Reached XP level 4. HP: 39/39 MP: 3/3
   771 | D:2      | Reached XP level 5. HP: 45/45 MP: 4/4
   918 | D:2      | Reached skill level 7 in Maces & Flails
  1015 | D:2      | Noticed Jessica
  1023 | D:2      | Killed Jessica
  1206 | D:2      | Found an opulent altar of Gozag.
  1208 | D:2      | Found a white marble altar of Elyvilon.
  1209 | D:2      | Found a shattered altar of Ashenzari.
  1209 | D:2      | Found a bloodstained altar of Trog.
  1402 | D:2      | Noticed Terence
  1409 | D:2      | Killed Terence
  1487 | D:3      | Reached skill level 8 in Maces & Flails
  1487 | D:3      | Reached XP level 6. HP: 47/51 MP: 5/5
  1601 | D:3      | Reached *** piety under Trog
  1625 | D:3      | Found a sparkling altar of Nemelex Xobeh.
  2013 | D:3      | Found a snail-covered altar of Cheibriados.
  2016 | D:3      | Found a blossoming altar of Fedhas.
  2019 | D:3      | Found an ancient bone altar of Kikubaaqudgha.
  2331 | D:4      | Reached skill level 9 in Maces & Flails
  2529 | D:4      | Found a shimmering altar of Xom.
  2530 | D:4      | Found a sand-covered staircase.
  2539 | Ossuary  | Entered an ossuary
  2539 | Ossuary  | Noticed a wraith
  2539 | Ossuary  | Noticed a wraith
  2539 | Ossuary  | Noticed a wraith
  2569 | Ossuary  | Reached **** piety under Trog
  2678 | Ossuary  | Reached XP level 7. HP: 37/57 MP: 6/6
  2713 | Ossuary  | Noticed a wraith
  2753 | Ossuary  | Killed a wraith
  2753 | Ossuary  | Reached skill level 10 in Maces & Flails
  3186 | D:5      | Entered Level 5 of the Dungeon
  3341 | D:5      | Reached skill level 11 in Maces & Flails
  3352 | D:5      | Found a staircase to the Ecumenical Temple.
  3514 | D:5      | Found a sacrificial altar of Ru.
  3565 | D:5      | Reached XP level 8. HP: 61/64 MP: 7/7
  4137 | D:6      | Found a shattered altar of Ashenzari.
  4176 | D:6      | Reached skill level 12 in Maces & Flails
  4223 | D:6      | Got a faintly glowing pewter ring
  4580 | D:7      | Reached skill level 5 in Armour
  4583 | D:7      | Reached ***** piety under Trog
  4726 | D:7      | Found a basalt altar of Yredelemnul.
  5019 | D:8      | Reached XP level 9. HP: 47/70 MP: 8/8
  5152 | D:8      | Found Igikuq's Antique Armour Shoppe.
  5192 | D:8      | Noticed a two-headed ogre
  5207 | D:8      | HP: 1/70 [centaur/arrow (3)]
  5217 | D:8      | Slain by a two-headed ogre

Skill      XL: |  1  2  3  4  5  6  7  8  9 |
---------------+----------------------------+-----
Maces & Flails | 4 5 6 8 9 11 12 | 12.0
Armour         | 8 9 |  9.5
Fighting       | |  3.6
Dodging        | |  2.1

Action                   |  1- 3 |  4- 6 |  7- 9 || total
-------------------------+-------+-------+-------++-------
Melee: Mace              |    56 |       |       ||    56
       Headbutt          |    10 |    29 |    55 ||    94
       Whip              |    21 |   172 |   306 ||   499
Invok: Berserk           |     1 |     1 |     2 ||     4
       Trog's Hand       |     1 |       |     2 ||     3
  Use: Potion            |       |       |     2 ||     2
  Eat: Chunk             |       |     7 |    11 ||    18
Armor: Animal skin       |    23 |     6 |       ||    29
       Scale mail        |       |    46 |     5 ||    51
       Chain mail        |       |       |    94 ||    94
Dodge: Dodged            |    57 |    76 |    85 ||   218
